 Dungeon Crawl Stone Soup version 0.30-a0-12-gd8047c6341 (webtiles) character file.

Game seed: 15046184570082878414

15 Zeldest the Sneak (level 2, -3/28 HPs)
             Began as a Naga Delver on Aug 23, 2022.
             Slain by a quokka (5 damage)
             ... on level 3 of the Dungeon.
             The game lasted 00:01:13 (481 turns).

Zeldest the Sneak (Naga Delver)                      Turns: 481, Time: 00:01:14

Health: -3/28      AC:  2    Str: 14    XL:     2   Next: 50%
Magic:  2/2        EV:  9    Int: 10    God:
Gold:   41         SH:  0    Dex: 12    Spells: 1/1 levels left

rFire   . . .      SeeInvis +    a - +0 short sword
rCold   . . .      Faith    .    (no shield)
rNeg    . . .      Spirit   .    b - +0 leather armour
rPois   +          Reflect  .    (no helmet)
rElec   .          Harm     .    (no cloak)
rCorr   .          Rampage  .    (no gloves)
Will    .....                    (no barding)
Stlth   +++.......               (no amulet)
HPRegen 0.09/turn                (no ring)
MPRegen 0.08/turn                (no ring)

@: short of breath, very slow
A: AC +0, large, see invisible, deformed body, poison resistance, slowness 2,
spit poison 1, naga tail 1
a: Spit Poison


You were on level 3 of the Dungeon.
You visited 1 branch of the dungeon, and saw 3 of its levels.

You collected 41 gold pieces.

Inventory:

Hand Weapons
 a - a +0 short sword (weapon)
Armour
 b - a +0 leather armour (worn)
Wands
 g - a wand of digging (3)
 i - a wand of polymorph (8)
Scrolls
 c - a scroll of fog
 e - a scroll of fear
 h - a scroll of brand weapon {unknown}
 j - 2 scrolls of enchant weapon {unknown}
Potions
 d - a potion of berserk rage {unknown}
 f - a potion of haste
 k - a potion of attraction {unknown}


   Skills:
 + Level 3.4 Fighting
 + Level 2.0 Short Blades
 - Level 1.5 Dodging
 + Level 7.7 Stealth


You had one spell level left.
You didn't know any spells.
Your spell library contained the following spells:

 Spells                   Type           Power      Damage    Failure   Level
 Magic Dart               Conj           0%         1d3       43%         1
 Call Imp                 Summ           0%         N/A       58%         2
 Mephitic Cloud           Conj/Pois/Air  0%         N/A       82%         3


Dungeon Overview and Level Annotations

Branches:
Dungeon (5/15)
 Temple: D:4-7

Altars:


Innate Abilities, Weirdness & Mutations

Your serpentine skin is tough. (AC +0)
You have supernaturally acute eyesight. (SInv)
Armour fits poorly on your strangely shaped body.
Your system is resistant to poisons. (rPois)
You cover ground very slowly.
You can spit poison.
You have a snake-like lower body.


Message History

You barely miss the hobgoblin.
The hobgoblin is almost dead.
The quokka bites you. The hobgoblin barely misses you.
You hit the hobgoblin.
You kill the hobgoblin!
The quokka misses you. The quokka attacks as you move away!
The quokka bites you but does no damage.
A bat comes into view.
The quokka bites you.
The bat moves out of view.
The quokka barely misses you.
You barely miss the quokka. The quokka bites you.
You barely miss the quokka. The bat hits you.
* * * LOW HITPOINT WARNING * * *
The quokka bites you.
* * * LOW HITPOINT WARNING * * *
You closely miss the quokka. The bat hits you but does no damage.
The quokka closely misses you.
You hit the quokka but do no damage. You punch the quokka, but do no damage.
The quokka closely misses you. The bat barely misses you. The quokka bites you.
* * * LOW HITPOINT WARNING * * *
You barely miss the quokka. The bat closely misses you.
The quokka barely misses you.
You hit the quokka but do no damage. The quokka bites you.
* * * LOW HITPOINT WARNING * * *
The bat closely misses you.
Aiming: Spit Poison (2% risk of failure)
Press: ? - help, Shift-Dir - straight line, f - bat
Aim: a bat (41% to hit)
The splash of poison hits the bat.
The bat is poisoned.
The bat is moderately wounded.
The bat closely misses you. The quokka completely misses you.
You hit the quokka but do no damage. The bat barely misses you.
The quokka completely misses you.
You hit the quokka.
The quokka is lightly wounded.
The quokka bites you.
* * * LOW HITPOINT WARNING * * *
The quokka bites you.
You die...

#.###†.#.....##.#.##
... ...##.....##.#.#
.....###......#..#.#
..............#.##.###.
.... ##.......#........
... #..#...#.#........
... ..##..#$.#........
.....##....>.<....
.....#..#.@#.##.
.........r##.##.#
................#
..(.#..##.†.....#
...... #.......# ......
#.......# .....
#......... ...
#........# #.$......#


You could see a quokka.

Vanquished Creatures
  An adder (D:3)
  A giant cockroach (D:3)
  2 hobgoblins (D:3)
  A ball python (D:3)
  A frilled lizard (D:3)
  A rat (D:3)
7 creatures vanquished.

Notes
Turn   | Place    | Note
-------+----------+-------------------------------------------
     0 | D:5      | Zeldest the Naga Delver began the quest for the Orb.
     0 | D:5      | Reached XP level 1. HP: 21/21 MP: 1/1
   152 | D:3      | Reached XP level 2. HP: 6/28 MP: 2/2
   481 | D:3      | Slain by a quokka

Illustrated notes

Levels and vault maps discovered:
D:3:      layout_rooms, nicolae_vehumet_radiance, bloody_makhleb
D:4:      minmay_evil_eye, layout_rooms, nicolae_qazlal_style_of_elements,
          minivault_26, eino_tiny_chamber
D:5:      minmay_spotlight, layout_basic, grunt_dithmenos_smoke

Action                   || total
-------------------------++-------
Melee: Short sword       ||    26
       Punch             ||     1
 Abil: Spit Poison       ||     3
  Use: Scroll            ||     2
 Stab: Sleeping          ||     1
Armor: Leather armour    ||     8
Dodge: Dodged            ||    19

Table legend: (Time is in decaauts)
 A = Elapsed time spent in this place.
 B = Non-inter-level travel time spent in this place.
 C = Inter-level travel time spent in this place.
 D = Time resting spent in this place.
 E = Time spent auto-exploring this place.
 F = Levels seen in this place.
 G = Mean time per level.
                   A        B        C        D        E       F      G
               +--------+--------+--------+--------+--------+-----+--------+
         Total |    554 |    554 |      0 |    247 |    136 |   3 |  184.7 |
       Dungeon |    554 |    554 |      0 |    247 |    136 |   3 |  184.7 |
               +--------+--------+--------+--------+--------+-----+--------+

Top non-repeatable levels by time:
     D:3: 364 daAuts
     D:5: 162 daAuts
     D:4: 27 daAuts
